AoeStats
← Buzz Lightyear

African Clearing

504667076Analyzed
4v4 RM · 27d ago on Sep 6, 2026· 65m 19s· 8 players
Game mode
Random Map
Map size
Large (8 player)
Population
200
Speed
Normal
Resources
Standard
Victory
Conquest
Starting age
Dark Age
Ending age
Imperial Age
RankedLock teamsTeams togetherTeam positionsShared explorationLock speedFull tech treeHidden civsTurbo modeCheats
Victory
Defeat
🇨🇳 Cumans · China
1100
+16
🇦🇷 Vietnamese · Argentina
1081
+17
🇳🇮 Shu · Nicaragua
1074
+17
🇵🇪 Persians · Peru
1064
+17
🇺🇸 Khitans · United States
1152
-19
🇺🇸 Franks · United States
1099
-17
🇺🇸 Aztecs · United States
1081
-16
🇺🇸 Mongols · United States
1050
-15
mperez
12:04 Loom
13:57 Feudal Age
18:23 Castle Age
16:42 Scale Mail Armor
24:30 Town Watch
26:00 Fletching
34:46 Double-Bit Axe
36:13 Elite Skirmisher
37:19 Bow Saw
39:27 Horse Collar
42:01 Wheelbarrow
41:38 Crossbowman
42:27 Stone Mining
43:00 Gold Mining
43:44 Bodkin Arrow
47:02 Thumb Ring
47:42 Hand Cart
48:03 Ballistics
48:58 Masonry
51:53 Imperial Age
50:22 Gold Shaft Mining
49:49 Heavy Plow
52:27 Arbalester
54:11 Chemistry
53:17 Siege Engineers
54:00 Bracer
54:00 Padded Archer Armor
57:18 Leather Archer Armor
57:19 Chain Mail Armor
57:15 Forging
57:39 Conscription
57:46 Pikeman
58:26 Squires
58:25 Halberdier
59:36 Plate Mail Armor
59:37 Ring Archer Armor
60:22 Two-Man Saw
59:05 Elite White Feather Guard
61:38 Capped Ram
62:24 Imperial Skirmisher
64:23 Architecture
63:48 Murder Holes
MU CHEN
11:09 Loom
13:16 Feudal Age
14:07 Double-Bit Axe
14:59 Wheelbarrow
14:28 Horse Collar
25:25 Castle Age
24:27 Gold Mining
24:28 Stone Mining
25:03 Bloodlines
25:09 Forging
25:05 Scale Barding Armor
26:38 Hand Cart
26:36 Bow Saw
26:28 Heavy Plow
27:04 Gold Shaft Mining
27:09 Iron Casting
27:03 Chain Barding Armor
29:49 Capped Ram
32:53 Town Watch
41:54 Imperial Age
39:41 Town Patrol
39:49 Light Cavalry
43:38 Blast Furnace
42:40 Scale Mail Armor
43:10 Ballistics
43:50 Chemistry
43:26 Masonry
43:11 Murder Holes
44:15 Plate Barding Armor
43:17 Pikeman
43:58 Squires
43:43 Arson
43:58 Squires
43:43 Arson
43:53 Hussar
44:11 Halberdier
44:57 Squires
44:42 Arson
44:57 Squires
44:42 Arson
45:44 Chain Mail Armor
45:13 Hussar
47:02 Plate Mail Armor
49:17 Crop Rotation
49:55 Two-Man Saw
50:35 Conscription
49:43 Cavalier
52:16 Hoardings
51:42 Cuman Mercenaries
51:44 Steppe Husbandry
52:22 Thumb Ring
52:44 Parthian Tactics
53:16 Elite Kipchak
57:11 Fletching
57:21 Padded Archer Armor
57:12 Fletching
57:22 Padded Archer Armor
57:22 Heated Shot
58:23 Bodkin Arrow
58:43 Leather Archer Armor
60:21 Ring Archer Armor
GM
5:30 Loom
13:21 Feudal Age
14:39 Town Watch
15:45 Double-Bit Axe
18:05 Castle Age
15:59 Horse Collar
18:20 Fletching
21:00 Wheelbarrow
24:19 Hand Cart
33:03 Imperial Age
31:16 Bodkin Arrow
31:50 Stone Mining
31:50 Gold Mining
33:11 Stone Shaft Mining
33:06 Ballistics
33:51 Bracer
33:52 Padded Archer Armor
34:58 Chemistry
34:38 Heavy Plow
34:55 Heavy Cavalry Archer
35:56 Husbandry
36:08 Bloodlines
36:24 Leather Archer Armor
36:50 Thumb Ring
37:54 Ring Archer Armor
39:09 Bow Saw
39:33 Crop Rotation
41:55 Paper Money
43:10 Coinage
43:01 Town Patrol
42:29 Capped Ram
44:59 Banking
44:39 Guilds
Buzz Lightyear
11:08 Loom
13:57 Feudal Age
22:34 Castle Age
21:55 Scale Barding Armor
22:33 Bloodlines
23:34 Chain Barding Armor
24:56 Town Watch
25:54 Husbandry
26:18 Double-Bit Axe
31:09 Wheelbarrow
30:18 Horse Collar
31:47 Forging
34:22 Iron Casting
36:54 Heavy Plow
37:59 Bow Saw
41:21 Imperial Age
38:56 Gold Mining
42:19 Plate Barding Armor
41:07 Cavalier
42:14 Hand Cart
44:08 Conscription
44:00 Citadels
44:08 Savar
50:07 Blast Furnace
49:44 Crop Rotation
53:16 Light Cavalry
58:00 Scale Mail Armor
59:30 Pikeman
60:12 Squires
59:57 Gambesons
59:58 Arson
60:31 Chain Mail Armor
60:12 Halberdier
62:00 Gold Shaft Mining
62:05 Plate Mail Armor
63:25 Two-Man Saw
62:43 Kamandaran
62:20 Hussar
63:11 Fletching
CrustyPotato313
5:49 Loom
12:31 Feudal Age
13:58 Double-Bit Axe
17:00 Forging
16:56 Scale Barding Armor
23:19 Castle Age
23:00 Fletching
23:11 Padded Archer Armor
24:34 Bodkin Arrow
24:54 Leather Archer Armor
32:10 Thumb Ring
44:15 Imperial Age
42:26 Wheelbarrow
42:55 Domestication
44:00 Ballistics
47:04 Imperial Age
45:57 Hand Cart
49:11 Bracer
49:41 Ring Archer Armor
48:37 Heavy Cavalry Archer
49:43 Parthian Tactics
53:33 Conscription
53:22 Ordo Cavalry
54:45 Chemistry
54:54 Light Cavalry
55:35 Husbandry
56:02 Hussar
DrinkFromMe6969
8:11 Loom
12:57 Feudal Age
13:33 Double-Bit Axe
17:05 Wheelbarrow
21:42 Castle Age
21:39 Horse Collar
23:01 Bow Saw
32:30 Stone Mining
33:50 Gold Mining
34:35 Stone Shaft Mining
34:22 Hand Cart
37:18 Imperial Age
35:59 Gold Shaft Mining
37:34 Fletching
37:44 Padded Archer Armor
39:32 Bodkin Arrow
39:52 Leather Archer Armor
40:02 Ballistics
40:43 Chemistry
40:42 Scale Barding Armor
40:40 Bracer
40:50 Forging
40:13 Elite Mangudai
41:14 Bloodlines
41:05 Husbandry
42:01 Thumb Ring
42:22 Parthian Tactics
43:36 Conscription
43:17 Light Cavalry
44:20 Chain Barding Armor
44:36 Iron Casting
46:19 Blast Furnace
45:34 Hussar
51:43 Nomads
52:05 Drill
ArkaelS4
14:53 Feudal Age
15:03 Man-at-Arms
20:27 Double-Bit Axe
23:04 Castle Age
21:01 Stone Mining
22:02 Fletching
22:13 Padded Archer Armor
23:07 Elite Skirmisher
25:49 Bodkin Arrow
26:10 Leather Archer Armor
43:46 Pikeman
45:06 Loom
48:20 Horse Collar
48:17 Eagle Warrior
49:58 Scale Mail Armor
50:08 Forging
50:29 Squires
51:28 Chain Mail Armor
52:00 Arson
55:28 Imperial Age
55:05 Iron Casting
54:51 Heavy Plow
55:50 Elite Eagle Warrior
60:05 Plate Mail Armor
60:36 Blast Furnace
60:02 Garland Wars
MikeMike1802
4:13 Loom
13:51 Feudal Age
17:36 Castle Age
15:27 Double-Bit Axe
25:22 Town Watch
28:36 Gold Mining
29:04 Bow Saw
31:36 Wheelbarrow
31:07 Scale Barding Armor
31:06 Husbandry
33:57 Imperial Age
32:15 Chain Barding Armor
32:36 Fletching
33:10 Forging
33:34 Pikeman
34:01 Cavalier
35:18 Plate Barding Armor
35:45 Hand Cart
36:13 Iron Casting
36:30 Paladin
40:34 Blast Furnace
41:56 Squires
41:42 Arson
41:42 Gambesons
42:45 Bodkin Arrow
47:56 Padded Archer Armor
48:18 Ballistics
47:32 Light Cavalry
50:59 Halberdier
54:02 Gold Shaft Mining
54:10 Scale Mail Armor
56:11 Town Patrol
56:39 Chain Mail Armor
58:06 Plate Mail Armor
61:02 Hoardings
60:52 Conscription
63:44 Chemistry
62:41 Murder Holes
63:29 Elite Skirmisher
Connection lost

Rejoining the realm…

Still unreachable

The connection could not be restored.

Session expired

The server has moved on; the page needs a fresh start.